AoeStats
← [NICE_ASS] BigMasi

Four Lakes

507122819Analyzed
1v1 RM · 16d ago on Sep 16, 2026· 38m 52s· 2 players
Game mode
Random Map
Map size
Tiny (2 player)
Population
200
Speed
Normal
Resources
Standard
Victory
Conquest
Starting age
Dark Age
Ending age
Imperial Age
RankedLock teamsTeams togetherTeam positionsShared explorationLock speedFull tech treeHidden civsTurbo modeCheats
Victory
Defeat
🇨🇭 Wei · Switzerland
1243
+14
🇫🇷 Japanese · France
1207
-14
leyo42
7:53 Loom
10:11 Feudal Age
10:31 Man-at-Arms
11:08 Double-Bit Axe
19:36 Castle Age
19:56 Wheelbarrow
22:15 Gold Mining
22:30 Fletching
22:44 Town Watch
23:46 Bloodlines
24:06 Bodkin Arrow
26:04 Hand Cart
27:15 Hand Cart
28:59 Town Patrol
30:15 Ballistics
38:27 Imperial Age
36:51 Forging
36:41 Scale Mail Armor
36:53 Pikeman
[NICE_ASS] BigMasi
7:18 Loom
8:17 Loom
10:50 Feudal Age
12:44 Double-Bit Axe
12:41 Horse Collar
14:20 Fishing Lines
18:57 Castle Age
17:49 Scale Barding Armor
18:44 Bloodlines
20:05 Heavy Plow
20:21 Bow Saw
21:35 Chain Barding Armor
21:31 Husbandry
24:55 Wheelbarrow
25:50 Light Cavalry
26:27 Gold Mining
28:02 Forging
32:59 Hand Cart
36:15 Imperial Age
35:47 Iron Casting
35:54 Town Watch
37:15 Gold Shaft Mining
36:30 Stone Mining
37:21 Conscription
37:29 Ming Guang Armor
38:34 Blast Furnace
37:59 Elite Tiger Cavalry
Connection lost

Rejoining the realm…

Still unreachable

The connection could not be restored.

Session expired

The server has moved on; the page needs a fresh start.